 Dungeon Crawl Stone Soup version 0.23.2-40-g277498a001 (webtiles) character file.

Game seed: 15698885647697820124

58 Descartes the Insei (level 4, -15/22 HPs)
             Began as a Vine Stalker Transmuter on Oct 3, 2019.
             Demolished by an ogre
             ... wielding a +0 giant club
              (22 damage)
             ... on level 3 of the Dungeon.
             The game lasted 00:03:19 (2734 turns).

Descartes the Insei (Vine Stalker Transmuter)       Turns: 2734, Time: 00:03:19

Health: -15/22     AC:  2    Str: 12    XL:     4   Next: 2%
Magic:  0/8        EV: 12    Int: 13    God:
Gold:   57         SH:  0    Dex: 16    Spells: 6/7 levels left

rFire    . . .     SeeInvis .   c - +2 dagger (venom)
rCold    . . .     Gourm    .   (no shield)
rNeg     . . .     Faith    .   b - +0 robe
rPois    .         Spirit   +   (no helmet)
rElec    .         Reflect  .   (no cloak)
rCorr    .         Harm     .   (no gloves)
MR       .....                  (no boots)
Stlth    +++.......             (no amulet)
HPRegen  0.47/turn              r - ring of stealth (curse)
MPRegen  0.11/turn              (no ring)

@: very slightly contaminated
A: fangs 2, regeneration 1, magic shield, antimagic bite, no potion heal 3, rot
immunity
a: no special abilities


You were on level 3 of the Dungeon.
You were not hungry.

You visited 1 branch of the dungeon, and saw 3 of its levels.

You collected 57 gold pieces.

Inventory:

Hand Weapons
 c - a +2 dagger of venom (weapon)
Missiles
 a - 12 arrows
 e - 17 poisoned needles
 h - 33 stones (quivered)
Armour
 b - a +0 robe (worn)
Jewellery
 r - a cursed ring of stealth (left hand)
Scrolls
 f - 2 scrolls of magic mapping {unknown}
 g - 6 scrolls of identify {unknown}
 i - a scroll of remove curse {unknown}
 j - a scroll of random uselessness {unknown}
 l - 2 scrolls of enchant weapon {unknown}
 m - a scroll of enchant armour {unknown}
 o - 3 scrolls of amnesia {unknown}
Potions
 k - a potion of cancellation {unknown}
 n - a potion of might {unknown}
 p - a potion of berserk rage {unknown}
 q - a potion of agility {unknown}
Comestibles
 d - 3 rations
 s - 9 chunks of flesh


   Skills:
 + Level 1.3 Fighting
 + Level 0.8 Armour
 + Level 1.8 Dodging
 + Level 1.3 Stealth
 * Level 3.4 Unarmed Combat
 + Level 2.4 Spellcasting
 * Level 2.5 Transmutations


You had 6 spell levels left.
You knew the following spells:

 Your Spells              Type           Power        Failure   Level  Hunger
a - Beastly Appendage     Tmut           #.....       9%          1    #......

Your spell library contained the following spells:

 Spells                   Type           Power        Failure   Level  Hunger
 Sticks to Snakes         Tmut           #.......     13%         2    ###....
 Spider Form              Tmut/Pois      #.........   41%         3    ###....
 Ice Form                 Ice/Tmut       #.......     82%         4    #####..
 Blade Hands              Tmut           #.........   94%         5    ######.


Dungeon Overview and Level Annotations

Branches:
Dungeon (3/15)

Altars:


Innate Abilities, Weirdness & Mutations

You have extremely sharp teeth.
Your natural rate of healing is unusually fast.
When hurt, damage is shared between your health and your magic reserves.
Your bite disrupts and absorbs the magic of your enemies.
Potions cannot restore your health.
You are immune to rotting.


Message History

You barely miss the ogre. You barely miss the ogre. The ogre barely misses you.
You hit the ogre.
The ogre is poisoned.
The ogre is lightly wounded.
The ogre barely misses you.
You hit the ogre but do no damage.
The ogre looks as sick as possible!
The ogre is lightly wounded.
The ogre hits you with a +0 giant club!!
Ouch! That really hurt!
* * * LOW HITPOINT WARNING * * *
You are too injured to fight recklessly!
You hit the ogre.
The ogre looks as sick as possible!
You bite the ogre. You drain its power.
You feel invigorated.
The ogre is moderately wounded.
You hit the ogre but do no damage.
The ogre looks as sick as possible!
You bite the ogre. You drain its power.
You feel invigorated.
The ogre is heavily wounded.
The ogre hits you with a +0 giant club!!
Ouch! That really hurt!
You die...

###### .....# #####
###O.?..# ....#
#.@.....# ###.#####
###.#.....# # #.[...#
#..........#
###.###.#####.#.#.#.##.#
)...# #.........#.#.# #
#.#.#########.###.# )
......# #... .# #
....#.# #####.. .#.#..#


You could see an ogre.

Vanquished Creatures
  2 adders
  2 dart slugs (D:1)
  A giant cockroach (D:1)
  5 goblins
  10 hobgoblins
  7 kobolds
  2 bats
  2 frilled lizards (D:1)
  3 rats
34 creatures vanquished.

Notes
Turn   | Place    | Note
-------+----------+-------------------------------------------
     0 | D:1      | Descartes the Vine Stalker Transmuter began the quest for
                  | the Orb.
     0 | D:1      | Reached XP level 1. HP: 9/9 MP: 4/4
    66 | D:1      | Reached skill level 1 in Fighting
   164 | D:1      | Reached XP level 2. HP: 14/14 MP: 4/6
  1213 | D:2      | Reached skill level 1 in Stealth
  1213 | D:2      | Reached XP level 3. HP: 10/18 MP: 4/7
  2688 | D:3      | Gained mutation: Your natural rate of healing is unusually
                  | fast. [Vine Stalker growth]
  2688 | D:3      | Reached XP level 4. HP: 17/22 MP: 8/8
  2722 | D:3      | Noticed an ogre
  2734 | D:3      | Demolished by an ogre

Skill      XL: |  1  2 |
---------------+-------+-----
Fighting       | 1 |  1.3
Stealth        | 1 |  1.3
Armour         | |  0.8
Dodging        | |  1.8
Unarmed Combat | |  3.4
Spellcasting   | |  2.4
Transmutations | |  2.5

Action                   |  1- 3 |  4- 6 || total
-------------------------+-------+-------++-------
Melee: Unarmed           |    84 |       ||    84
       Kick              |    10 |       ||    10
       Bite              |    12 |     3 ||    15
       Headbutt          |     7 |       ||     7
       Punch             |     1 |       ||     1
       Dagger            |     5 |     8 ||    13
 Cast: Beastly Appendage |    20 |       ||    20
  Use: Potion            |     1 |       ||     1
 Stab: Sleeping          |     3 |       ||     3
  Eat: Chunk             |     6 |       ||     6
Armor: Robe              |     9 |       ||     9
Dodge: Dodged            |    32 |     3 ||    35
